 Dungeon Crawl Stone Soup version 0.31-a0-810-ga77100ea1a (webtiles) character file.

Game seed: 10610775815174335313

1013 scionoferis the Trooper (level 8, 0/71 HPs)
             Began as a Hill Orc Necromancer on Sept 21, 2023.
             Was a Believer of Beogh.
             Slain by an orc warrior
             ... wielding a +0 battleaxe
              (7 damage)
             ... on level 6 of the Dungeon.
             The game lasted 00:17:59 (5363 turns).

scionoferis the Trooper (Hill Orc Necromancer)      Turns: 5363, Time: 00:17:59

Health: 0/71       AC:  6    Str: 11    XL:     8   Next: 21%
Magic:  0/10       EV: 10    Int: 15    God:    Beogh [**....]
Gold:   269        SH:  0    Dex: 13    Spells: 9/10 levels left

rFire   . . .        a - +6 rapier "Obeac" {drain, rElec}
rCold   . . .        (no shield)
rNeg    . . .        p - +0 ring mail
rPois   .            (no helmet)
rElec   +            (no cloak)
rCorr   .            (no gloves)
SInv    .            n - +0 pair of boots
Will    .....        s - amulet of guardian spirit
Stlth   +            (no ring)
HPRegen 0.31/turn    (no ring)
MPRegen 0.12/turn

%: guardian spirit
@: confused, brilliant
A: no striking features
a: Renounce Religion, Smiting


You were on level 6 of the Dungeon.
You worshipped Beogh.
Beogh was pleased with you.
You visited 1 branch of the dungeon, and saw 6 of its levels.

You collected 269 gold pieces.


   Skills:
 + Level 6.6 Fighting
 + Level 5.4 Long Blades
 - Level 1.5 Dodging
 - Level 5.0 Stealth
 - Level 1.5 Spellcasting
 - Level 4.0 Necromancy


You had 9 spell levels left.
You knew the following spells:

 Your Spells              Type           Power      Damage    Failure   Level
a - Necrotise             Necr           76%        1d7       11%         1

Your spell library contained the following spells:

 Spells                   Type           Power      Damage    Failure   Level
 Vampiric Draining        Necr           19%        2d7       32%         3
 Animate Dead             Necr           19%        N/A       73%         4
 Inner Flame              Hex/Fire       1%         N/A       86%         3
 Agony                    Necr           19%        N/A       97%         5
 Yara's Violent Unravell  Hex/Tmut       0%         3d3       100%        5
 Enfeeble                 Hex            0%         N/A       100%        7

Inventory:

Hand Weapons
 a - the +6 rapier "Obeac" (weapon) {drain, rElec}
   (You took it off a kobold on level 2 of the Dungeon)

   rElec:     It insulates you from electricity.
 k - a +0 long sword
   (You found it on level 2 of the Dungeon)
 t - a +2 dagger of electrocution
   (You took it off an orc on level 3 of the Dungeon)
Missiles
 g - 5 poisoned darts (quivered)
 u - 7 boomerangs
 z - a throwing net
Armour
 n - a +0 pair of boots (worn)
   (You found it on level 2 of the Dungeon)
 p - a +0 ring mail (worn)
   (You found it on level 4 of the Dungeon)
 x - a +0 scale mail of fire resistance
   (You took it off a hobgoblin on level 4 of the Dungeon)
Jewellery
 o - a ring of ice
   (You took it off an orc on level 5 of the Dungeon)
 s - an amulet of guardian spirit (around neck)
   (You found it on level 3 of the Dungeon)
Scrolls
 c - 2 scrolls of fog
 e - a scroll of poison {unknown}
 f - a scroll of noise {unknown}
 l - a scroll of immolation
 m - a scroll of amnesia
 q - a scroll of blinking
 r - 2 scrolls of teleportation {unknown}
 v - a scroll of fear {unknown}
 w - 2 scrolls of vulnerability {unknown}
 y - 2 scrolls of enchant weapon {unknown}
Potions
 b - a potion of magic
 d - 3 potions of curing {unknown}
 h - 2 potions of haste {unknown}
 i - 3 potions of brilliance
 j - a potion of ambrosia {unknown}
 A - a potion of lignification {unknown}
 B - a potion of resistance {unknown}

Dungeon Overview and Level Annotations

Branches:
Dungeon (6/15)
 Temple: D:4-7

Altars:
Makhleb
Yredelemnul

Annotations:
D:2 Sigmund

#####################
................@.)>#
##########......o##(#
#.......##.#
#.......##o#
#.......##.#
#.......##.#
##########.#
########## #######o#
.........#
........#####(#


You could see an orc warrior.


Message History

You start resting.
Magic restored.
You start resting.
HP restored.
Things that are here:
a +0 dagger; a +0 robe The orc hits you with a +0 club.
The orc shouts!
You hit the orc.
You kill the orc!
Beogh accepts your kill. The orc closely misses you.
The orc hits you with a +0 trident.
Things that are here:
a +0 club; a +0 leather armour You hit the orc.
The orc is moderately wounded.
The orc hits you with a +0 trident. The orc hits you but does no damage.
You hit the orc.
The orc is heavily wounded.
The orc barely misses you.
You puncture the orc!
You kill the orc!
Beogh accepts your kill.
Your Long Blades skill increases to level 3!
Things that are here:
a +0 trident; an orc corpse
Things that are here:
a +0 club; a +0 leather armour Magic restored.
Things that are here:
a +0 trident; an orc corpse
There is an open door here.
A sleepcap comes into view.
You see here a scroll labelled CUG JOEXOI.
e - a scroll labelled CUG JOEXOI The sleepcap releases spores at you.
You are engulfed in a cloud of soporific spores!
You fall asleep.
The sleepcap releases spores at you!
You wake up.
You are engulfed in a cloud of soporific spores!
You are unaffected.
You hit the sleepcap but do no damage. The sleepcap releases spores at you.
You puncture the sleepcap! You drain the sleepcap.
The sleepcap is heavily damaged.
The sleepcap releases spores at you but does no damage.
You hit the sleepcap. You drain the sleepcap.
The sleepcap is severely damaged.
The sleepcap barely misses you.
You hit the sleepcap but do no damage.
The sleepcap is severely damaged.
The sleepcap barely misses you.
You hit the sleepcap.
The sleepcap is severely damaged.
The sleepcap closely misses you. x2
You hit the sleepcap.
The sleepcap is almost destroyed.
The sleepcap barely misses you.
You puncture the sleepcap!
You destroy the sleepcap!
Beogh accepts your kill.
You start resting.
Magic restored.
An orc priest comes into view. It is wielding a +0 club.
i - 2 ruby potions (gained 1)
You start resting.
HP restored.
A kobold comes into view. It is wielding a +0 short sword.
You open the door.
The kobold shouts!
There is an open door here.
You swing at nothing.
You hit the kobold.
You kill the kobold!
Beogh accepts your kill.
You swing at nothing.
An orc comes into view. It is wielding a +0 dagger.
You closely miss the sky beast. The sky beast hits you.
The sky beast shocks you. You resist.
The orc shouts!
You hit the sky beast. You drain the sky beast.
The sky beast is moderately wounded.
The sky beast hits you but does no damage.
You closely miss the sky beast.
The sky beast is moderately wounded.
The sky beast barely misses you.
The orc priest shouts!
You hit the sky beast.
The sky beast is heavily wounded.
You hear a shout!
The sky beast flickers out of sight!
Deactivating autopickup; reactivate with Ctrl-A.
Something hits you. Something shocks you. You resist. Something hits you.
Something shocks you. You resist.
You hear a shout!
You miss something. Something hits you. Something shocks you. You resist.
You hit something. Something hits you. Something shocks you. You resist.
The orc priest invokes the aid of Beogh against you.
You completely miss something. Something hits you. Something shocks you.
You resist.
You hit something.
A sky beast appears from thin air!
Reactivating autopickup.
The sky beast hits you but does no damage.
You puncture the sky beast!
You kill the sky beast!
Beogh accepts your kill.
Your Stealth skill increases to level 4!
You barely miss the orc priest. The orc priest hits you with a +0 club.
The orc shouts!
You puncture the orc!
You kill the orc!
Beogh accepts your kill.
You hit the orc priest. You drain the orc priest.
The orc priest is heavily wounded.
The orc priest casts a cantrip, but nothing happens.
You hit the orc priest. You drain the orc priest.
You kill the orc priest!
Beogh accepts your kill.
Beogh appreciates your killing of a heretic priest.
You have reached level 7!
You hit the orc.
The orc is almost dead.
The orc hits you with a +0 whip.
You hit the orc but do no damage. You drain the orc.
You kill the orc!
Beogh accepts your kill.
You puncture the orc!
You kill the orc!
Beogh accepts your kill.
There is an open door, spattered with blood here.
Items here: ))))) [[ ††††.
Okay, then.
Magic restored.
Found a stone staircase leading down.
i - 3 ruby potions (gained 1)
There is a stone staircase leading up here.
i - 4 ruby potions (gained 1)
Found a burning altar of Makhleb.
The cacodemon shouts!
The orange demon screeches!
There is a burning altar of Makhleb here.
The smoke demon roars!
Unknown command.
Press < or > to pray at altars.
Press: ? - help, v - describe, . - travel A stone wall.
Unknown command.
Press < or > to pray at altars.
f - a scroll labelled OZXAOFACWE
There is an open door, spattered with blood here.
Items here: ))))) [[ ††††.
You open the door.
Found a stone staircase leading down.
Found a ring mail.
There is an open door here.
You now have 176 gold pieces (gained 16).
An ufetubus comes into view.
You puncture the ufetubus!
You kill the ufetubus!
Beogh accepts your kill.
Your Fighting skill increases to level 5!
You see here a +0 ring mail.
p - a +0 ring mail You open the door.
Found a sling.
There is an open door here.
You see here a +0 sling.
You open the door.
There is an open door here.
A hobgoblin comes into view.
It is wielding a +0 hand axe and wearing a +0 scale mail of fire resistance.
Found a long sword.
Unknown command.
A kobold comes into view.
It is wielding a +0 short sword and quivering poisoned darts.
Found a robe.
A ball python comes into view.
Found a book of Misfortune.
The hobgoblin shouts!
You completely miss the hobgoblin.
You punch the hobgoblin, but do no damage.
The hobgoblin barely misses you.
You hit the hobgoblin.
You kill the hobgoblin!
Beogh accepts your kill.
Things that are here:
a +0 hand axe; a +0 scale mail of fire resistance; a hobgoblin corpse
x - a +0 scale mail of fire resistance The kobold shouts!
The ball python hisses angrily.
You hit the ball python.
You kill the ball python!
Beogh accepts your kill.
The kobold throws a poisoned dart.
The poisoned dart hits you!
You are poisoned.
The kobold throws a poisoned dart.
The poisoned dart hits you!
You are more poisoned.
You feel very sick.
You feel very sick. The kobold hits you but does no damage.
You closely miss the kobold.
You feel sick. The kobold misses you.
You hit the kobold but do no damage.
You feel very sick. The kobold hits you but does no damage.
You hit the kobold.
You kill the kobold!
Beogh accepts your kill.
You feel sick.
You feel sick.
g - 7 poisoned darts (gained 2)
You see here a +0 short sword.
You feel sick.
You start resting.
You feel sick. x3
You are no longer poisoned.
You see here a +0 long sword.
You start resting.
HP restored.
You start waiting.
Done waiting.
Okay, then.
You start removing your armour.
You continue taking off your +0 robe. x4
You finish taking off your +0 robe.
You start putting on your armour.
You continue putting on your +0 scale mail of fire resistance. x5
You finish putting on your +0 scale mail of fire resistance.
You feel resistant to fire.
Unknown command.
You start removing your armour.
You continue taking off your +0 scale mail of fire resistance. x4
You finish taking off your +0 scale mail of fire resistance.
You feel less resistant to fire.
You start putting on your armour.
You continue putting on your +0 ring mail. x5
You finish putting on your +0 ring mail.
Things that are here:
a +0 hand axe; a hobgoblin skeleton An ufetubus comes into view.
The ufetubus shouts!
Found a scroll labelled LAUPIG MOVIB.
The ufetubus hits you but does no damage.
The ufetubus closely misses you.
You barely miss the ufetubus.
The ufetubus hits you but does no damage. x2
You closely miss the ufetubus. The ufetubus barely misses you.
The ufetubus closely misses you. The ufetubus misses you.
The ufetubus hits you but does no damage.
You closely miss the ufetubus. The ufetubus closely misses you.
The ufetubus barely misses you.
You barely miss the ufetubus. The ufetubus closely misses you.
The ufetubus misses you.
The ufetubus hits you but does no damage.
The ufetubus hits you.
You closely miss the ufetubus. The ufetubus completely misses you.
The ufetubus misses you. The ufetubus hits you.
The ufetubus hits you but does no damage.
You hit the ufetubus.
The ufetubus is heavily wounded.
The ufetubus barely misses you. x2
You hit the ufetubus.
You kill the ufetubus!
Beogh accepts your kill.
Magic restored.
HP restored.
A kobold comes into view. It is wielding a +0 short sword.
You see here a +0 robe.
A shadow imp comes into view.
The kobold shouts!
The kobold hits you but does no damage.
You barely miss the kobold. The kobold hits you but does no damage.
You miss the kobold. The kobold closely misses you.
You hit the kobold.
You kill the kobold!
Beogh accepts your kill.
Things that are here:
a +0 short sword; 3 stones; a kobold corpse
y - a scroll labelled LAUPIG MOVIB
Things that are here:
a +0 short sword; 3 stones; a kobold corpse The shadow imp shouts, "Out, out, thou artless ill-breeding flirt-gill!"
The shadow imp barely misses you.
You hit the shadow imp.
The shadow imp is lightly wounded.
The shadow imp barely misses you.
You barely miss the shadow imp.
The shadow imp is lightly wounded.
The shadow imp barely misses you.
You hit the shadow imp.
The shadow imp is severely wounded.
The shadow imp closely misses you.
You closely miss the shadow imp.
The shadow imp is severely wounded.
The shadow imp barely misses you.
You closely miss the shadow imp.
The shadow imp is severely wounded.
The shadow imp hits you but does no damage.
You puncture the shadow imp!
You kill the shadow imp!
Beogh accepts your kill.
You pick up a book of Misfortune and begin reading...
You add the spells Inner Flame, Yara's Violent Unravelling and Enfeeble to your library.
You see here a +0 robe.
There is an open door here.
Found 4 stones.
You open the door.
There is an open door here.
As you open the door, it creaks loudly!
An endoplasm comes into view.
You hit the endoplasm.
You kill the endoplasm!
Beogh accepts your kill.
No target in view!
There is an open door here.
You open the door.
There is an open door here.
There is an open door here.
Done exploring.
Done exploring.
You drop a +0 robe.
Unknown command.
There is an open door here.
There is a stone staircase leading down here.
You climb downwards.
Found a scroll labelled LAUPIG MOVIB.
There is a stone staircase leading up here.
Unknown command.
The yak bellows! x4
The yak closely misses you. The yak gores you!
You climb upwards.
There is a stone staircase leading down here.
Unknown command.
There is a stone staircase leading down here.
You start resting.
Magic restored.
You start resting.
HP restored.
You climb downwards.
There is a stone staircase leading up here. 2 orcs come into view.
An orc priest comes into view. It is wielding a +0 club.
Found 9 gold pieces.
The orc priest shouts!
The orc shouts!
The orc priest moves out of view.
An orc comes into view. It is wielding a +0 whip.
The orc shouts!
An orc wizard comes into view. It is wielding a +0 dagger.
The orc wizard shouts!
You hear a shout!
The orc hits you but does no damage.
You hit the orc but do no damage. You drain the orc.
The orc is heavily wounded.
The orc hits you but does no damage.
You hit the orc.
The orc is heavily wounded.
The orc hits you but does no damage.
The orc priest invokes the aid of Beogh against you.
Beogh smites you!
You hit the orc.
You kill the orc!
Beogh accepts your kill. The orc barely misses you.
An orc comes into view. It is wielding a +0 short sword.
You puncture the orc!
You kill the orc!
Beogh accepts your kill.
The orc throws a boomerang.
The boomerang barely misses you.
Items here: )) [ †.
You hit the orc.
The orc is moderately wounded.
The orc hits you with a +0 whip.
The orc priest invokes the aid of Beogh against you.
Beogh smites you!
You hit the orc.
The orc is heavily wounded.
The orc hits you with a +0 whip.
You closely miss the orc priest. The orc hits you with a +0 whip.
The orc priest hits you but does no damage.
You hit the orc priest.
The orc priest is moderately wounded.
The orc barely misses you.
The orc priest hits you but does no damage.
You hit the orc priest but do no damage.
The orc priest is moderately wounded.
The orc hits you but does no damage.
The orc priest hits you but does no damage.
You hit the orc priest but do no damage.
You drain the orc priest.
The orc priest is heavily wounded.
The orc wizard gestures wildly while chanting.
The orc wizard flickers and vanishes!
Deactivating autopickup; reactivate with Ctrl-A.
The orc hits you with a +0 whip.
The orc priest hits you but does no damage.
An orc comes into view. It is wielding a +0 mace.
The orc shouts!
You hit the orc priest.
The orc priest is almost dead.
The orc hits you but does no damage.
You hit the orc.
The orc is almost dead.
The orc priest mumbles some strange prayers to Beogh against you.
Beogh smites you! The orc hits you but does no damage.
You closely miss the orc.
The orc is almost dead.
Something hits you. The orc hits you with a +0 whip. The orc barely misses you.
Something hits you.
You hit something. Something hits you. The orc hits you with a +0 whip.
* * * LOW HITPOINT WARNING * * *
Unknown command.
You barely miss the orc.
The orc is almost dead.
Something hits you.
* * * LOW HITPOINT WARNING * * *
The orc hits you with a +0 whip.
* * * LOW HITPOINT WARNING * * *
Unknown command.
You barely miss the orc.
The orc is almost dead.
Something hits you but does no damage. The orc hits you but does no damage.
You hit the orc.
You kill the orc!
Beogh accepts your kill.
You hear some strange, mumbled words.
Something tries to affect you, but you resist.
You puncture the orc priest!
You kill the orc priest!
Beogh accepts your kill.
Beogh appreciates your killing of a heretic priest.
Something hits you.
* * * LOW HITPOINT WARNING * * *
The orc throws a boomerang.
The boomerang hits you.
* * * LOW HITPOINT WARNING * * *
The orc throws a boomerang.
The boomerang barely misses you.
The orc throws a boomerang.
The boomerang barely misses you.
You hear some strange, mumbled words.
Something tries to affect you, but you resist.
The orc throws a boomerang.
The boomerang closely misses you.
An orc wizard appears from thin air!
Reactivating autopickup.
There is a stone staircase leading up here.
You climb upwards.
There is a stone staircase leading down here.
You start resting.
Magic restored.
You start resting.
HP restored.
You climb downwards.
The orc throws a boomerang.
The boomerang hits you.
There is a stone staircase leading up here.
The orc wizard completely misses you.
You hit the orc wizard. You drain the orc wizard.
The orc wizard is heavily wounded.
The orc wizard hits you with a +0 dagger.
The orc wizard hits you but does no damage.
You hit the orc wizard.
The orc wizard is severely wounded.
The orc closely misses you.
The orc wizard hits you but does no damage.
You hit the orc wizard but do no damage.
You drain the orc wizard.
You kill the orc wizard!
Beogh accepts your kill. The orc barely misses you.
You puncture the orc!
You kill the orc!
Beogh accepts your kill.
Things that are here:
a +0 dagger; a +0 robe; an orc corpse
u - 5 boomerangs (gained 2)
You see here a +0 short sword.
You hit the orc but do no damage. You drain the orc.
The orc is heavily wounded.
The orc hits you but does no damage.
You completely miss the orc.
The orc is heavily wounded.
The orc hits you with a +0 mace.
You puncture the orc!
You kill the orc!
Beogh accepts your kill.
You now have 187 gold pieces (gained 11).
Things that are here:
a +0 mace; a +0 leather armour; an orc corpse You start resting.
An orc comes into view. It is wielding a +0 flail.
The orc shouts!
You hear a shout!
An orc priest comes into view. It is wielding a +0 hand axe.
You hit the orc. You drain the orc.
The orc is severely wounded.
The orc hits you with a +0 flail. The orc barely misses you.
The orc priest barely misses you.
You hit the orc priest.
The orc priest is lightly wounded.
The orc hits you with a +0 flail.
The orc priest calls down the wrath of Beogh upon you.
Pain shoots through your body!
You closely miss the orc priest.
The orc priest is lightly wounded.
The orc hits you with a +0 flail.
The orc priest hits you with a +0 hand axe.
The orc hits you but does no damage.
The orc priest calls upon Beogh to heal the orc.
The orc's wounds heal themselves!
You hit the orc priest. You drain the orc priest.
The orc priest is heavily wounded.
The orc hits you but does no damage. The orc priest closely misses you.
You hit the orc priest. You drain the orc priest.
The orc priest is severely wounded.
The orc barely misses you. The orc priest closely misses you.
You hit the orc priest. You drain the orc priest.
You kill the orc priest!
Beogh accepts your kill.
Beogh appreciates your killing of a heretic priest.
The orc hits you with a +0 flail.
Your Long Blades skill increases to level 4!
You puncture the orc!
You kill the orc!
Beogh accepts your kill.
o - a ring of ice
Things that are here:
a +0 flail; a +0 leather armour; an orc corpse You see here a +0 hand axe.
Things that are here:
a +0 flail; a +0 leather armour; an orc corpse
Things that are here:
a +0 mace; a +0 leather armour; an orc corpse You start resting.
Magic restored.
You start resting.
HP restored.
Things that are here:
a +0 flail; a +0 leather armour; an orc corpse You see here a +0 hand axe.
Items here: )) [ ÷.
u - 7 boomerangs (gained 2)
Items here: )) [[ ÷÷.
Items here: )) [ ÷.
Found a club.
You now have 196 gold pieces (gained 9).
Found 6 stones.
You see here 6 stones.
A hound comes into view.
The helpless hound fails to defend itself.
You puncture the hound! You drain the hound.
You kill the hound!
Beogh accepts your kill.
Found a scroll labelled NOYNEAKE HEQU.
r - 2 scrolls labelled NOYNEAKE HEQU (gained 1)
Found a stone staircase leading up.
There is a stone staircase leading up here.
A gnoll comes into view. It is wielding a +0 club.
A gnoll comes into view.
It is wielding a +0 spear. 2 gnolls come into view.
Found a stone staircase leading down.
Press: ? - help, v - describe, . - travel
Here: a gnoll, wielding a +0 spear and quivering a throwing net (asleep)
The floor.
Aiming: Necrotise (safe; 11% risk of failure)
Press: ? - help, Q - select action, (/) - cycle Shift-Dir - straight line, f - gnoll
Aim: a gnoll, wielding a +0 spear and quivering a throwing net (asleep, chance to affect: 76%)
The gnoll barely resists.
The gnoll shouts! x3
A gnoll bouda comes into view. It is wielding a +0 whip.
The gnoll throws a throwing net.
The throwing net closely misses you. The gnoll hits you but does no damage.
You barely miss the gnoll.
You hear a shout!
The gnoll closely misses you. The gnoll hits you with a +0 club.
You hear a shout!
You puncture the gnoll!
The gnoll is heavily wounded.
The gnoll closely misses you. The gnoll hits you with a +0 club!
You hit the gnoll but do no damage.
The gnoll is heavily wounded.
A gnoll comes into view. It is wielding a +0 flail.
The gnoll closely misses you. The gnoll hits you with a +0 club!
The gnoll shouts!
The gnoll hits you with a +0 spear! The gnoll closely misses you.
You barely miss the gnoll. The gnoll barely misses you.
The gnoll hits you but does no damage.
You hit the gnoll. You drain the gnoll.
The gnoll is moderately wounded.
The gnoll hits you from afar with a +0 spear.
The gnoll bouda barks out a call to the hunt!
The gnolls pick up the pace!
The gnoll misses you.
The gnoll bouda calls upon its god to heal the gnoll.
The gnoll's wounds heal themselves!
You hit the gnoll. You drain the gnoll.
The gnoll is moderately wounded.
The gnoll barely misses you.
The gnoll hits you from afar with a +0 spear.
You hit the gnoll.
The gnoll is severely wounded.
The gnoll hits you from afar with a +0 spear.
You hit the gnoll.
The gnoll is lightly wounded.
The gnoll hits you from afar with a +0 spear.
You hit the gnoll. You drain the gnoll.
The gnoll is severely wounded.
The gnoll hits you with a +0 club. The gnoll hits you but does no damage.
You hit the gnoll.
The gnoll is almost dead.
The gnoll hits you but does no damage.
The gnoll hits you from afar with a +0 spear.
The gnoll hits you with a +0 club.
You hit the gnoll. You drain the gnoll.
You kill the gnoll!
Beogh accepts your kill. The gnoll barely misses you. x2
You hit the gnoll.
The gnoll is almost dead.
The gnoll hits you from afar with a +0 spear.
You closely miss the gnoll bouda. The gnoll hits you but does no damage.
You puncture the gnoll bouda! You drain the gnoll bouda.
The gnoll bouda is severely wounded.
The gnoll hits you from afar with a +0 spear.
* * * LOW HITPOINT WARNING * * *
The gnoll bouda calls upon its god to heal the gnoll.
The gnoll is healed somewhat.
You hit the gnoll bouda.
The gnoll bouda is severely wounded.
The gnoll closely misses you.
The gnoll bouda hits you with a +0 whip.
* * * LOW HITPOINT WARNING * * *
You hit the gnoll bouda. You drain the gnoll bouda.
The gnoll bouda is almost dead.
The gnoll is no longer moving quickly.
The gnoll hits you but does no damage.
The gnoll bouda mumbles some strange prayers to its god.
The gnoll bouda is healed somewhat.
You hit the gnoll bouda. You drain the gnoll bouda.
You kill the gnoll bouda!
Beogh accepts your kill.
Beogh appreciates your killing of a heretic priest.
The gnoll hits you from afar with a +0 spear.
* * * LOW HITPOINT WARNING * * *
The gnoll hits you from afar with a +0 spear.
* * * LOW HITPOINT WARNING * * *
The gnoll attacks as it pursues you! The gnoll misses you.
The gnoll is no longer moving quickly.
The gnoll is no longer moving quickly.
The gnoll attacks as it pursues you! The gnoll barely misses you.
The gnoll closely misses you.
There is a stone staircase leading up here.
The gnoll barely misses you.
The gnoll hits you from afar with a +0 spear.
* * * LOW HITPOINT WARNING * * *
You climb upwards.
There is a stone staircase leading down here.
You puncture the gnoll!
You kill the gnoll!
Beogh accepts your kill.
You start resting.
Magic restored.
You start resting.
HP restored.
Things that are here:
a +0 flail; a gnoll corpse
There is a stone staircase leading down here.
You climb downwards.
The gnoll hits you with a +0 flail! The gnoll barely misses you.
There is a stone staircase leading up, spattered with blood here.
The gnoll misses you. The gnoll hits you but does no damage.
You climb upwards.
There is a stone staircase leading down here.
You hit the gnoll.
The gnoll is lightly wounded.
The gnoll completely misses you.
You hit the gnoll. You drain the gnoll.
The gnoll is severely wounded.
The gnoll barely misses you.
You barely miss the gnoll.
The gnoll is severely wounded.
The gnoll closely misses you.
You closely miss the gnoll.
The gnoll is severely wounded.
The gnoll barely misses you.
You hit the gnoll.
You kill the gnoll!
Beogh accepts your kill.
No target in view!
You see here a +0 flail.
There is a stone staircase leading down here.
You start resting.
Magic restored.
You start resting.
HP restored.
You climb downwards.
The gnoll hits you but does no damage. The gnoll closely misses you.
The gnoll misses you.
There is a stone staircase leading up, spattered with blood here.
The gnoll hits you but does no damage. The gnoll barely misses you.
You climb upwards.
There is a stone staircase leading down here.
You puncture the gnoll!
The gnoll is heavily wounded.
The gnoll hits you with a +0 club.
You puncture the gnoll!
You kill the gnoll!
Beogh accepts your kill.
No target in view!
No target in view!
Things that are here:
a +0 club; a +0 flail; a gnoll corpse
There is a stone staircase leading down here.
You start resting.
Magic restored.
You start resting.
HP restored.
You climb downwards.
There is a stone staircase leading up, spattered with blood here.
The gnoll hits you from afar with a +0 spear.
The gnoll hits you with a +0 spear.
You puncture the gnoll! You drain the gnoll.
You kill the gnoll!
Beogh accepts your kill.
You see here a +0 spear.
There is a stone staircase leading up, spattered with blood here.
z - a throwing net
There is a stone staircase leading up, spattered with blood here.
You see here a +0 spear.
Items here: )) [ ÷.
Found a stone staircase leading down.
Found 17 gold pieces.
Found 13 gold pieces.
Found a scroll labelled LAUPIG MOVIB.
Found a scroll labelled RIAQUDGHUUMY.
You now have 213 gold pieces (gained 17).
w - 2 scrolls labelled RIAQUDGHUUMY (gained 1)
Found 18 gold pieces.
Found a murky coppery potion.
y - 2 scrolls labelled LAUPIG MOVIB (gained 1)
You now have 226 gold pieces (gained 13).
A - a murky coppery potion You now have 244 gold pieces (gained 18).
You see here 6 stones.
You see here a fuming black potion.
B - a fuming black potion Unknown command.
Items here: )) [[.
Things that are here:
a +0 short sword; a +0 ring mail; a +0 dagger You see here 6 stones.
You see here 6 stones.
Found a stone staircase leading down. 2 gnolls come into view.
The gnoll shouts! x2
A gnoll bouda comes into view. It is wielding a +0 whip.
You start waiting.
A gnoll is nearby!
You puncture the gnoll!
The gnoll is almost dead.
The gnoll hits you with a +0 club. The gnoll barely misses you.
You hit the gnoll. You drain the gnoll.
You kill the gnoll!
Beogh accepts your kill. The gnoll closely misses you.
The gnoll hits you with a +0 spear.
Things that are here:
a +0 club; a gnoll corpse You hit the gnoll.
You drain the gnoll.
The gnoll is almost dead.
The gnoll hits you but does no damage.
You hit the gnoll. You drain the gnoll.
You kill the gnoll!
Beogh accepts your kill.
Things that are here:
a +0 spear; a gnoll corpse A gnoll comes into view.
It is wielding a +0 flail.
Aiming: Necrotise (safe; 11% risk of failure)
Press: ? - help, Q - select action, (/) - cycle Shift-Dir - straight line, f - gnoll
Aim: a gnoll, wielding a +0 flail (wandering, hasn't noticed you, chance to affect: 76%)
The gnoll shouts!
The gnoll barely resists.
Things that are here:
a +0 spear; a gnoll corpse
Things that are here:
a +0 club; a gnoll corpse You start resting.
A gnoll is nearby!
You hit the gnoll. You drain the gnoll.
The gnoll is severely wounded.
The gnoll hits you with a +0 flail. The gnoll barely misses you.
You hit the gnoll.
You kill the gnoll!
Beogh accepts your kill. The gnoll bouda barely misses you.
Things that are here:
a +0 flail; a +0 club; a gnoll corpse You hit the gnoll bouda.
The gnoll bouda is moderately wounded.
The gnoll bouda hits you with a +0 whip!
You hit the gnoll bouda.
The gnoll bouda is heavily wounded.
The gnoll bouda hits you with a +0 whip.
You hit the gnoll bouda.
The gnoll bouda is heavily wounded.
The gnoll bouda gazes fiercely through you!
You feel your attacks grow feeble.
The gnoll bouda hits you with a +0 whip.
You hit the gnoll bouda. You drain the gnoll bouda.
The gnoll bouda is almost dead.
The gnoll bouda prays to its god.
The gnoll bouda is healed somewhat.
You hit the gnoll bouda.
The gnoll bouda is almost dead.
The gnoll bouda hits you but does no damage.
You hit the gnoll bouda.
You kill the gnoll bouda!
Beogh accepts your kill.
Beogh appreciates your killing of a heretic priest.
You start resting.
Your attacks no longer feel as feeble.
You start resting.
Magic restored.
You start resting.
HP restored.
Things that are here:
a +0 flail; a +0 club; a gnoll corpse
Items here: )) [ †.
Items here: )) [ †.
Things that are here:
a +0 flail; a +0 club; a gnoll corpse
There is a stone staircase leading down here.
You climb downwards.
Found a fizzy pink potion.
Found a stone staircase leading down.
There is a stone staircase leading up here.
Found a quarterstaff.
A shadow imp comes into view.
Found a fizzy pink potion and 7 gold pieces.
You see here a fizzy pink potion.
The shadow imp hits you.
You barely miss the shadow imp. The shadow imp hits you.
You puncture the shadow imp!
You kill the shadow imp!
Beogh accepts your kill.
d - 2 fizzy pink potions (gained 1)
Found a flail.
d - 3 fizzy pink potions (gained 1)
You now have 251 gold pieces (gained 7).
An iguana comes into view.
A bullfrog comes into view.
The helpless iguana fails to defend itself.
You impale the iguana!!
You kill the iguana!
Beogh accepts your kill.
You can now smite your foes.
The bullfrog croaks.
You hit the bullfrog.
The bullfrog is lightly wounded.
The bullfrog hits you but does no damage.
The bullfrog snags a nearby fly with its tongue.
The bullfrog closely misses you.
You barely miss the bullfrog.
The bullfrog is lightly wounded.
The bullfrog hits you. The bullfrog barely misses you.
You puncture the bullfrog! You drain the bullfrog.
The bullfrog is severely wounded.
The bullfrog hits you.
You barely miss the bullfrog.
The bullfrog is severely wounded.
The bullfrog barely misses you. The bullfrog closely misses you.
You hit the bullfrog.
The bullfrog is almost dead.
The bullfrog hits you but does no damage.
The bullfrog misses you.
You barely miss the bullfrog. You punch the bullfrog.
The bullfrog is almost dead.
The bullfrog barely misses you.
You puncture the bullfrog!
You kill the bullfrog!
Beogh accepts your kill.
Your Fighting skill increases to level 6!
You start resting.
Magic restored.
You start resting.
HP restored.
A phantom comes into view.
You hear the crackle of electricity.
t - a +2 dagger of electrocution (weapon)
You hit the phantom. Lightning courses through the phantom!
The phantom is heavily damaged.
You hit the phantom. Lightning courses through the phantom!
You destroy the phantom!
Beogh accepts your kill.
Training target 5.0 for Stealth reached!
Your Long Blades skill increases to level 5!
Your Stealth skill increases to level 5!
You have reached level 8!
Your +2 dagger of electrocution stops crackling.
You sense an unholy aura.
a - the +6 rapier "Obeac" (weapon)
{drain, rElec} You now have 269 gold pieces (gained 18).
An adder comes into view.
You miss the adder. The adder closely misses you.
The adder bites you but does no damage.
You completely miss the adder. The adder bites you.
You puncture the adder! You drain the adder.
You kill the adder!
Beogh accepts your kill.
Found a stone staircase leading up.
You see here a +0 flail.
A sky beast comes into view.
The sky beast flickers out of sight!
Deactivating autopickup; reactivate with Ctrl-A.
You closely miss something.
A sky beast appears from thin air!
Reactivating autopickup.
The sky beast hits you. The sky beast shocks you. You resist.
You barely miss the sky beast.
The sky beast hits you but does no damage.
You hit the sky beast.
The sky beast is lightly wounded.
The sky beast barely misses you.
You hit the sky beast.
The sky beast is moderately wounded.
The sky beast flickers out of sight!
Deactivating autopickup; reactivate with Ctrl-A.
Something hits you. Something shocks you. You resist.
Something hits you but does no damage.
You hit something. Something hits you. Something shocks you. You resist.
You hit something but do no damage. Something hits you. Something shocks you.
You resist.
You hit something. Something hits you but does no damage.
You completely miss something. Your punch misses something.
Something hits you but does no damage.
You hit something.
A sky beast appears from thin air!
Reactivating autopickup.
The sky beast hits you. The sky beast shocks you. You resist.
You hit the sky beast.
You kill the sky beast!
Beogh accepts your kill.
You enter the shallow water.
Moving in this stuff is going to be slow.
An adder comes into view.
The adder hisses angrily.
You puncture the adder! You drain the adder.
You kill the adder!
Beogh accepts your kill.
No target in view!
Found a stone staircase leading down.
There is a stone staircase leading down here.
An orc comes into view. It is wielding a +0 flail.
The orc shouts!
An orc wizard comes into view. It is wielding a +0 dagger.
Found 6 stones.
An orc warrior comes into view. It is wielding a +0 battleaxe.
The orc wizard shouts!
You hear a shout!
You hit the orc. You drain the orc.
You kill the orc!
Beogh accepts your kill.
Throw: 7 darts (poison)
Press: ? - help, Q - select action, (/) - cycle Shift-Dir - straight line, f - orc warrior
Aim: an orc warrior, wielding a +0 battleaxe and wearing a +0 chain mail (53% to hit)
You throw a poisoned dart.
The poisoned dart barely misses the orc warrior.
Throw: 6 darts (poison)
Press: ? - help, Q - select action, (/) - cycle Shift-Dir - straight line, f/p - orc warrior
Aim: an orc warrior, wielding a +0 battleaxe and wearing a +0 chain mail (53% to hit)
You throw a poisoned dart.
The poisoned dart closely misses the orc warrior.
You hit the orc warrior but do no damage.
The orc warrior hits you with a +0 battleaxe!
You hit the orc warrior.
The orc warrior is moderately wounded.
The orc warrior hits you with a +0 battleaxe!
You hit the orc warrior.
The orc warrior is moderately wounded.
The orc warrior misses you.
You hit the orc warrior.
The orc warrior is heavily wounded.
The orc warrior closely misses you.
You barely miss the orc warrior. Your punch misses the orc warrior.
The orc warrior is heavily wounded.
The orc warrior closely misses you.
You barely miss the orc warrior.
The orc warrior is heavily wounded.
The orc warrior misses you.
You hit the orc warrior but do no damage.
The orc warrior is heavily wounded.
The orc warrior hits you with a +0 battleaxe!
The orc wizard shouts!
You hit the orc warrior but do no damage.
The orc warrior is heavily wounded.
The orc warrior hits you with a +0 battleaxe! x2
* * * LOW HITPOINT WARNING * * *
You barely miss the orc warrior.
The orc warrior is heavily wounded.
The orc wizard mumbles some strange words.
The orc wizard flickers and vanishes!
Deactivating autopickup; reactivate with Ctrl-A.
The orc warrior closely misses you.
You hit the orc warrior.
The orc warrior is severely wounded.
You hear some strange, mumbled words.
Something tries to affect you, but you resist.
You hit the orc warrior.
The orc warrior is severely wounded.
The orc warrior hits you with a +0 battleaxe!
* * * LOW HITPOINT WARNING * * *
You hit the orc warrior but do no damage.
The orc warrior is severely wounded.
The orc warrior hits you with a +0 battleaxe!
* * * LOW HITPOINT WARNING * * *
You hear some strange, mumbled words.
You are confused.
It was a potion of brilliance.
You feel clever all of a sudden.
The orc warrior hits you with a +0 battleaxe!
You die...
Beogh appreciates the orc warrior's killing of a heretic priest.

Skill      XL: |  1  2  3  4  5  6  7 |
---------------+----------------------+-----
Fighting       | 1 2 3 4 6 |  6.6
Stealth        | 2 3 4 5 |  5.0
Long Blades    | 1 2 3 5 |  5.4
Dodging        | |  1.5
Spellcasting   | |  1.5
Necromancy     | |  4.0

Action                     |  1- 3 |  4- 6 |  7- 9 || total
---------------------------+-------+-------+-------++-------
  Melee: Unarmed           |    27 |       |       ||    27
         Dagger            |    33 |       |     2 ||    35
         Rapier            |     5 |    88 |   135 ||   228
         Punch             |       |       |     2 ||     2
  Throw: Dart              |       |       |     2 ||     2
   Cast: Necrotise         |    54 |    17 |     2 ||    73
 Invoke: Convert to Beogh  |     1 |       |       ||     1
    Use: Scroll            |       |     4 |       ||     4
         Potion            |       |       |     1 ||     1
   Stab: Distracted        |     1 |     1 |       ||     2
         Sleeping          |       |     2 |     2 ||     4
 Armour: Robe              |    34 |    59 |     3 ||    96
         Ring mail         |       |       |   113 ||   113
  Dodge: Dodged            |    55 |    37 |    77 ||   169

Levels and vault maps discovered:
D:1:      roderic_crop_circles_arrival_large, layout_loops_ring,
          hellmonk_ecumenical_altar_dog_temple, minmay_pentomino_s2
D:2:      layout_rooms, uniq_sigmund
D:3:      layout_basic, lemuel_tele_altar, uniq_natasha
D:4:      layout_gridville, makhleb_altar_promises_db, minmay_puff
D:5:      layout_rooms
D:6:      layout_basic, kennysheep_mini_moat, minmay_temple_entry_overgrown,
          wad_floor_pattern_untrapped

Notes
Turn   | Place    | Note
-------+----------+-------------------------------------------
     0 | D:1      | scionoferis the Hill Orc Necromancer began the quest for
                  | the Orb.
     0 | D:1      | Reached XP level 1. HP: 14/14 MP: 3/3
    89 | D:1      | Found a faded altar of an unknown god.
   107 | D:1      | Reached skill level 1 in Fighting
   113 | D:1      | Reached skill level 2 in Stealth
   113 | D:1      | Reached XP level 2. HP: 19/23 MP: 0/4
   670 | D:1      | Reached skill level 2 in Fighting
   815 | D:1      | Reached XP level 3. HP: 26/29 MP: 2/5
  1096 | D:2      | Noticed Sigmund
  1478 | D:2      | Identified the +6 rapier "Obeac" {drain, rElec}
  1596 | D:3      | Became a worshipper of Beogh the Brigand
  1650 | D:3      | Reached XP level 4. HP: 31/37 MP: 4/6
  1722 | D:3      | Reached skill level 1 in Long Blades
  1893 | D:3      | Reached skill level 3 in Fighting
  1911 | D:3      | Reached skill level 3 in Stealth
  1990 | D:3      | Upgraded the game from 0.31-a0-806-g0bc164a743 to
                  | 0.31-a0-810-ga77100ea1a
  2043 | D:3      | Reached XP level 5. HP: 42/45 MP: 5/7
  2067 | D:3      | Found a basalt altar of Yredelemnul.
  2387 | D:3      | Noticed Natasha
  2393 | D:3      | Killed Natasha
  2394 | D:3      | Reached skill level 2 in Long Blades
  2573 | D:3      | Noticed Natasha
  2580 | D:3      | Killed Natasha
  2987 | D:3      | Noticed Natasha
  2994 | D:3      | Killed Natasha
  3042 | D:4      | Noticed a sky beast
  3125 | D:4      | Reached skill level 4 in Fighting
  3125 | D:4      | Reached XP level 6. HP: 43/52 MP: 4/8
  3214 | D:4      | Reached skill level 3 in Long Blades
  3336 | D:4      | Killed a sky beast
  3337 | D:4      | Reached skill level 4 in Stealth
  3338 | D:4      | Reached * piety under Beogh
  3341 | D:4      | Reached XP level 7. HP: 44/60 MP: 7/9
  3440 | D:4      | Found a burning altar of Makhleb.
  3440 | D:4      | Noticed a cacodemon
  3443 | D:4      | Noticed a smoke demon
  3443 | D:4      | Noticed an orange demon
  3524 | D:4      | Reached skill level 5 in Fighting
  3955 | D:5      | Entered Level 5 of the Dungeon
  3955 | D:5      | Noticed a yak
  3955 | D:5      | Noticed a yak
  3955 | D:5      | Noticed a yak
  3955 | D:5      | Noticed a yak
  3955 | D:5      | Noticed a yak
  4211 | D:5      | Reached skill level 4 in Long Blades
  5100 | D:6      | Reached ** piety under Beogh
  5109 | D:6      | Reached skill level 6 in Fighting
  5155 | D:6      | Reached skill level 5 in Long Blades
  5155 | D:6      | Reached skill level 5 in Stealth
  5155 | D:6      | Reached XP level 8. HP: 70/70 MP: 10/10
  5362 | D:6      | HP: 7/71 [orc warrior/+0 battleaxe (8)]
  5363 | D:6      | Slain by an orc warrior

Vanquished Creatures
  2 sky beasts (D:4 D:6)
  A phantom (D:6)
  A bullfrog (D:6)
  A scorpion (D:4)
  3 orc priests (D:4 D:5)
  A hound (D:5)
  2 gnoll boudas (D:5)
  An iguana (D:6)
  Natasha (thrice) (D:3)
  A sleepcap (D:4)
  3 orc wizards (D:3 D:4 D:5)
  8 gnolls (D:5 D:4)
  5 adders (D:2 D:3 D:6)
  2 shadow imps (D:4 D:6)
  2 ufetubi (D:4)
  A worm (D:3)
  2 dart slugs (D:1 D:4)
  19 orcs (D:3 D:4 D:5 D:6)
  2 bats (D:1 D:3)
  2 endoplasms (D:3 D:4)
  9 hobgoblins (D:1 D:2 D:3 D:4)
  4 jackals (D:1)
  4 quokkas (D:1 D:2 D:3)
  6 ball pythons (D:1 D:2 D:3 D:4)
  4 frilled lizards (D:1 D:2 D:3)
  2 goblins (D:1 D:3)
  12 kobolds (D:1 D:2 D:3 D:4)
  6 rats (D:1 D:2 D:3)
109 creatures vanquished.

Vanquished Creatures (collateral kills)
  A dart slug (D:3)
  An orc (D:3)
  An endoplasm (D:1)
  A jackal (D:1)
4 creatures vanquished.

Vanquished Creatures (others)
  3 orcs (D:3)
  A goblin (D:3)
4 creatures vanquished.

Grand Total: 117 creatures vanquished

Table legend: (Time is in decaauts)
 A = Elapsed time spent in this place.
 B = Non-inter-level travel time spent in this place.
 C = Inter-level travel time spent in this place.
 D = Time resting spent in this place.
 E = Time spent auto-exploring this place.
 F = Levels seen in this place.
 G = Mean time per level.
                   A        B        C        D        E       F      G
               +--------+--------+--------+--------+--------+-----+--------+
         Total |   5391 |   4960 |    431 |   1118 |   2343 |   6 |  898.5 |
       Dungeon |   5391 |   4960 |    431 |   1118 |   2343 |   6 |  898.5 |
               +--------+--------+--------+--------+--------+-----+--------+

Top non-repeatable levels by time:
     D:3: 1492 daAuts
     D:4: 1274 daAuts
     D:1: 1140 daAuts
     D:5: 718 daAuts
     D:2: 453 daAuts
     D:6: 311 daAuts

Table legend:
 A = Non-vault XP
 B = Vault XP
 C = Vault XP percentage of total XP
 D = Non-vault monster count
 E = Vault monster count
 F = Vault count percentage of total count
                 A         B        C        D         E       F
            +---------+---------+-------+---------+---------+-------
      Total |    1381 |      67 |   4.6 |     102 |      10 |   8.9
            +---------+---------+-------+---------+---------+-------
        D:1 |      33 |       7 |  17.5 |      21 |       4 |  16.0
        D:2 |      30 |       0 |   0.0 |      12 |       0 |   0.0
        D:3 |     180 |      36 |  16.7 |      25 |       1 |   3.8
        D:4 |     408 |      24 |   5.6 |      19 |       5 |  20.8
        D:5 |     331 |       0 |   0.0 |      17 |       0 |   0.0
        D:6 |     399 |       0 |   0.0 |       8 |       0 |   0.0
            +---------+---------+-------+---------+---------+-------
